 Dungeon Crawl Stone Soup version 0.18.1-50-g88ac8fd (webtiles) character file.

42 Gianozzolo the Ruffian (level 3, -2/31 HPs)
             Began as a Naga Transmuter on Nov 17, 2017.
             Slain by a worm (6 damage)
             ... on level 2 of the Dungeon.
             The game lasted 00:02:34 (1343 turns).

Gianozzolo the Ruffian (Naga Transmuter)            Turns: 1343, Time: 00:02:35

Health: -2/31      AC:  3    Str: 12    XL:     3   Next: 56%
Magic:  6/6        EV: 10    Int: 14    God:
Gold:   91         SH:  0    Dex: 11    Spells: 2 memorised, 2 levels left

rFire  . . .     SeeInvis +       - Unarmed
rCold  . . .     Gourm    .     b - +0 robe
rNeg   . . .     Faith    .     (no shield)
rPois  +         Spirit   .     p - +0 helmet
rElec  .         Dismiss  .     (no cloak)
rCorr  .         Reflect  .     (no gloves)
SustAt .         Harm     .     (no barding)
MR     .....                    (no amulet)
Stlth  +.........               (no ring)
                                (no ring)

@: very slow, not resistant to hostile enchantments, very unstealthy
A: see invisible, deformed body, poison resistance, slowness 2, slow metabolism
1, spit poison 2, AC +1
a: Spit Poison


You were on level 2 of the Dungeon.
You were not hungry.

You visited 1 branch of the dungeon, and saw 2 of its levels.

You collected 91 gold pieces.

Inventory:

Armour
 b - a +0 robe (worn)
 p - a +0 helmet (worn)
Scrolls
 a - 2 scrolls of identify {unknown}
 g - a scroll of blinking {unknown}
 h - a scroll of fear {unknown}
 i - a scroll of remove curse {unknown}
 o - a scroll of immolation {unknown}
Potions
 e - a potion of curing {unknown}
 j - a potion of invisibility {unknown}
 k - 2 potions of lignification {unknown}
 m - a potion of heal wounds {unknown}
 n - a potion of cancellation {unknown}
Books
 c - a book of Changes

   Spells                             Type                      Level
   a - Beastly Appendage              Transmutation                1
   b - Sticks to Snakes               Transmutation                2
   c - Spider Form                    Transmutation/Poison         3
   d - Ice Form                       Ice/Transmutation            4
   e - Blade Hands                    Transmutation                5
Comestibles
 d - a bread ration
 f - a beef jerky
 l - a meat ration


   Skills:
 - Level 1.0 Fighting
 - Level 1.5 Dodging
 + Level 3.9 Unarmed Combat
 - Level 2.0 Spellcasting
 * Level 2.8 Transmutations
 + Level 0.6 Poison Magic


You had 2 spell levels left.
You knew the following spells:

 Your Spells              Type           Power        Failure   Level  Hunger
a - Beastly Appendage     Trmt           #.....       10%         1    ##.....
b - Spider Form           Trmt/Pois      #.........   38%         3    ####...


Dungeon Overview and Level Annotations

Branches:
Dungeon (2/15)

Altars:
Trog


Innate Abilities, Weirdness & Mutations

You cannot wear boots.
Your serpentine skin is tough (AC +1).
You have supernaturally acute eyesight.
Armour fits poorly on your strangely shaped body.
Your system is resistant to poisons.
You cover ground very slowly.
You have a slow metabolism.
You can spit poison.


Message History

The worm is lightly wounded.
You feel slightly more hungry.
Casting: Beastly Appendage
Confirm with . or Enter, or press ? or * to list all spells.
You have no appropriate body parts free.
The moth of wrath goads the worm on!
The worm goes berserk!
The worm bites you.
You hit the worm.
The worm is moderately wounded.
The worm closely misses you.
You barely miss the worm.
The worm is moderately wounded.
The worm looks more healthy.
The worm bites you!
You have got your breath back.
The worm bites you!
* * * LOW HITPOINT WARNING * * *
Items here: ))) † a whip; a hunting sling; a club; a goblin corpse The worm completely misses you.
The worm bites you.
You die...

####.##..###.###.# #.
#..........#.#....#### #.
#.##.#####.#.#.###... ### #.
#.##.#####.....##... ... #.
##.##...........#.#.# ... #.
##.#.###########..##.# ###
#.##.###.## #..##.# #.#.##
##.#########..##.# #..##
##.....@w...)...# ##### ###.##
##...........##.## .....
##.###.#..###.######.#########
##.#.##..# #.###.......##
##.###..# #.##.........#####
### #..###.#...†.......#.(.
#......#....###....###.
##.#.###...##y##...#.#. #...#
#....###....#...


You could see a worm (berserk).

Vanquished Creatures
  An ooze (D:2)
  A dart slug (D:1)
  5 bats
  4 giant cockroaches
  5 goblins
  4 hobgoblins (D:1)
  5 kobolds
  A ball python (D:2)
  2 giant newts
  7 rats
35 creatures vanquished.

Notes
Turn   | Place    | Note
--------------------------------------------------------------
     0 | D:1      | Gianozzolo the Naga Transmuter began the quest for the Orb.
     0 | D:1      | Reached XP level 1. HP: 18/18 MP: 3/3
   140 | D:1      | Reached XP level 2. HP: 23/25 MP: 3/5
   808 | D:2      | Reached XP level 3. HP: 31/31 MP: 6/6
   813 | D:2      | Learned a level 3 spell: Spider Form
   879 | D:2      | Found a faded altar to an unknown god.
  1206 | D:2      | Noticed a moth of wrath
  1324 | D:2      | Found a bloodstained altar of Trog.
  1343 | D:2      | Slain by a worm

Action                   || total
-------------------------++-------
Melee: Unarmed           ||    65
       Headbutt          ||     5
 Cast: Beastly Appendage ||     6
 Abil: Spit Poison       ||    23
  Eat: Chunk             ||     2
Armor: Robe              ||    13
Dodge: Dodged            ||    33
